 Dungeon Crawl Stone Soup version 0.31-a0-128-g25add195a6 (webtiles) character file.

Game seed: 3341732319136320425

3706 Dittersdorf the Blocker (level 10, -18/65 HPs)
             Began as a Gargoyle Fighter on June 1, 2023.
             Demolished by a very large slime creature (30 damage)
             ... on level 8 of the Dungeon.
             The game lasted 00:10:56 (7430 turns).

Dittersdorf the Blocker (Gargoyle Fighter)          Turns: 7430, Time: 00:10:56

Health: -18/65     AC: 22    Str: 24    XL:     10   Next: 14%
Magic:  0/10       EV:  8    Int:  9    God:
Gold:   482        SH:  6    Dex: 13    Spells: 9/9 levels left

rFire   . . .        a - +1 flail
rCold   . . .        c - +0 buckler
rNeg    + . .        q - +0 chain mail of the Rose {Dex+4 Slay+3}
rPois   ∞            e - +0 helmet
rElec   +            o - +0 cloak
rCorr   .            j - +0 pair of gloves
SInv    .            (no boots)
Will    .....        v - amulet of guardian spirit Stlth
                     (no ring)
HPRegen 0.30/turn    (no ring)
MPRegen 0.12/turn

%: guardian spirit
@: no status effects
A: sickness immunity, AC +7, negative energy resistance 1, electricity
resistance, torment resistance 1, petrification resistance
a: no special abilities


You were on level 8 of the Dungeon.
You visited 2 branches of the dungeon, and saw 9 of its levels.

You collected 482 gold pieces.

Inventory:

Hand Weapons
 a - a +1 flail (weapon)
Missiles
 m - a throwing net
 t - 2 curare-tipped darts (quivered)
Armour
 c - a +0 buckler (worn)
 e - a +0 helmet (worn)
 j - a +0 pair of gloves (worn)
 k - a +3 ring mail
 o - a +0 cloak (worn)
 q - the +0 chain mail of the Rose (worn) {Dex+4 Slay+3}
   (You took it off an orc on level 2 of the Dungeon)

   Dex:       It affects your dexterity (+4).
   Slay:      It affects your accuracy & damage with ranged weapons and melee
   (+3).
Jewellery
 v - an amulet of guardian spirit (around neck)
Wands
 l - a wand of flame (11)
 n - a wand of polymorph (9)
 u - a wand of acid (26)
Scrolls
 g - a scroll of enchant weapon
 h - 2 scrolls of fear
 i - 2 scrolls of teleportation
 p - 3 scrolls of identify
 r - 2 scrolls of poison
 w - 2 scrolls of fog {unknown}
Potions
 b - 5 potions of curing
 d - 2 potions of might
 f - a potion of cancellation
 s - 2 potions of enlightenment
 x - a potion of lignification {unknown}


   Skills:
 + Level 8.5 Fighting
 + Level 7.4 Maces & Flails
 + Level 8.5 Armour
 + Level 8.5 Shields


You had 9 spell levels left.
You didn't know any spells.
Your spell library contained the following spells:

 Spells                   Type           Power      Damage    Failure   Level
 Magic Dart               Conj           0%         1d3       91%         1
 Slow                     Hex            0%         N/A       91%         1
 Blink                    Tloc           0%         N/A       97%         2
 Call Imp                 Summ           0%         N/A       97%         2
 Lesser Beckoning         Tloc           0%         N/A       97%         2
 Momentum Strike          Conj/Tloc      0%         3d8       97%         2
 Static Discharge         Conj/Air       0%         2-2/arc   97%         2
 Confusing Touch          Hex            0%         N/A       100%        3
 Mephitic Cloud           Conj/Pois/Air  0%         N/A       100%        3
 Stone Arrow              Conj/Erth      0%         3d7       100%        3
 Vampiric Draining        Necr           0%         2d6       100%        3
 Airstrike                Air            0%         2d(0-16)  100%        4
 Animate Armour           Summ/Erth      0%         N/A       100%        4
 Summon Lightning Spire   Summ/Air       0%         N/A       100%        4
 Lehudib's Crystal Spear  Conj/Erth      0%         10d2      100%        8


Dungeon Overview and Level Annotations

Branches:
Dungeon (8/15)             Temple (1/1) D:6
   Lair: D:8-11

Altars:
Ashenzari
Dithmenos
Fedhas
Gozag
Makhleb
Nemelex Xobeh
Qazlal
Ru
Sif Muna
Trog
Uskayaw
Xom
Yredelemnul
The Shining One

Shops:
D:1 (([(?

Annotations:
D:2 1 runed translucent door, Crazy Yiuf


Innate Abilities, Weirdness & Mutations

You are immune to sickness and miasma.
Your stone body is resilient. (AC +7)
You are immune to poison.
You resist negative energy. (rN+)
You are resistant to electric shocks. (rElec)
You are resistant to unholy torment.
You are immune to petrification.


Message History

t - 2 curare-tipped darts (gained 1)
Items here: ( )))) ††.
A slime creature comes into view.
You see here 13 gold pieces.
A slime creature comes into view. x2
A slime creature comes into view.
The slime creature quivers.
A slime creature comes into view. x2
You block the slime creature's attack.
The slime creature quivers. x2
You hit the slime creature but do no damage.
You block the slime creature's attack.
You hit the slime creature.
The slime creature is lightly wounded.
The slime creature hits you but does no damage.
You hit the slime creature.
The slime creature is lightly wounded.
The slime creature hits you but does no damage.
You hit the slime creature.
The slime creature is lightly wounded.
The slime creature hits you!
Two slime creatures merge to form a large slime creature.
You hit the large slime creature.
The large slime creature is lightly wounded.
Two slime creatures merge to form a large slime creature.
The large slime creature hits you but does no damage.
You thump the large slime creature!
The large slime creature is moderately wounded.
Two slime creatures merge to form a very large slime creature.
The large slime creature barely misses you.
You sock the very large slime creature!
The very large slime creature is moderately wounded.
The large slime creature hits you!!
You block the very large slime creature's attack.
You sock the very large slime creature!
The very large slime creature is moderately wounded.
The large slime creature hits you!!
* * * LOW HITPOINT WARNING * * *
The very large slime creature hits you!!
You die...

....#.#.### +##.##'...
..........#####.....####
.........##.##...⌠.##
........).........#
...##....)#.##.#####
#.....$..#..#.#
#.....#......#.# #..##
#..###...# #. #@.# .#.#
#JJ# .#.# #..# .### #...
#.... ...... .......
.......#


You could see a very large slime creature and a large slime creature.

Vanquished Creatures
  Maggie (D:7)
  2 kobold demonologists (D:5)
  Prince Ribbit (D:5)
  Grinder (D:5)
  A water moccasin (D:8)
  2 black bears
  An ogre (D:6)
  2 centaurs
  7 phantoms
  A gnoll sergeant (D:7)
  3 kobold brigands
  4 scorpions
  4 hounds
  A gnoll bouda (D:5)
  4 orc priests
  6 jellies
  Terence (D:2)
  6 orc wizards
  An iguana (D:5)
  12 gnolls
  7 adders
  3 shadow imps
  An ufetubus (D:7)
  A worm (D:2)
  2 dart slugs (D:5)
  21 orcs
  5 ball pythons
  A bat (D:1)
  12 endoplasms
  3 giant cockroaches
  5 goblins
  3 hobgoblins
  23 kobolds
  6 quokkas
  4 frilled lizards
  6 rats
164 creatures vanquished.

Notes
Turn   | Place    | Note
-------+----------+-------------------------------------------
     0 | D:1      | Dittersdorf the Gargoyle Fighter began the quest for the
                  | Orb.
     0 | D:1      | Reached XP level 1. HP: 14/14 MP: 1/1
    18 | D:1      | Noticed an animated pearl dragon scales
    19 | D:1      | Found Imatae Situ's Weapon Emporium.
    20 | D:1      | Found Naska's Armour Boutique.
    20 | D:1      | Noticed an animated gold dragon scales
    71 | D:1      | Reached XP level 2. HP: 15/19 MP: 2/2
   110 | D:1      | Found Tyculeqi's Antique Weapon Emporium.
   275 | D:1      | Found Axiudane's Antique Weapon Emporium.
   423 | D:1      | Reached XP level 3. HP: 23/23 MP: 3/3
   431 | D:1      | Found Papludis's Magic Scroll Boutique.
   645 | D:2      | Noticed Terence
   656 | D:2      | Killed Terence
   895 | D:2      | Found a faded altar of an unknown god.
   935 | D:2      | Reached XP level 4. HP: 19/29 MP: 4/4
  1048 | D:2      | Found a runed translucent door.
  1049 | D:2      | Noticed Crazy Yiuf
  1587 | D:3      | Found a shimmering altar of Xom.
  1915 | D:3      | Identified the +0 chain mail of the Rose {Dex+4 Slay+3}
  2049 | D:3      | Reached XP level 5. HP: 10/33 MP: 5/5
  2855 | D:4      | Reached XP level 6. HP: 34/39 MP: 6/6
  3134 | D:4      | Found a sacrificial altar of Ru.
  3494 | D:4      | Noticed a black bear
  3499 | D:4      | Killed a black bear
  3500 | D:4      | Reached skill level 5 in Fighting
  3500 | D:4      | Reached skill level 5 in Armour
  3500 | D:4      | Reached skill level 5 in Shields
  3500 | D:4      | Reached XP level 7. HP: 44/44 MP: 7/7
  3840 | D:5      | Entered Level 5 of the Dungeon
  4023 | D:5      | Noticed Grinder
  4023 | D:5      | Noticed Prince Ribbit
  4048 | D:5      | Paralysed by Grinder for 2 turns
  4060 | D:5      | Killed Prince Ribbit
  4061 | D:5      | Reached XP level 8. HP: 24/51 MP: 8/8
  4062 | D:5      | Paralysed by Grinder for 2 turns
  4065 | D:5      | Killed Grinder
  4066 | D:5      | Reached skill level 5 in Maces & Flails
  4739 | D:5      | Noticed a kobold demonologist
  4739 | D:5      | Noticed a kobold demonologist
  4746 | D:5      | Noticed a rust devil
  4750 | D:5      | Noticed a red devil
  4824 | D:5      | Noticed a soul eater
  4825 | D:5      | Noticed a rust devil
  4871 | D:6      | Noticed an orange demon
  5062 | D:5      | Reached XP level 9. HP: 56/56 MP: 9/9
  5244 | D:5      | Noticed a rust devil
  5253 | D:5      | Killed a kobold demonologist
  5356 | D:5      | Noticed an orange demon
  5369 | D:5      | Killed a kobold demonologist
  5741 | D:6      | Found a staircase to the Ecumenical Temple.
  5750 | Temple   | Entered the Ecumenical Temple
  6858 | D:7      | Found Ysuxaruo's Antique Weapon Boutique.
  6859 | D:7      | Noticed Maggie
  6881 | D:7      | Killed Maggie
  6882 | D:7      | Reached XP level 10. HP: 51/64 MP: 7/10
  7430 | D:8      | Demolished by a very large slime creature

Illustrated notes

Levels and vault maps discovered:
D:1:      lightli_arrival_boilingwater, layout_loops_ring, serial_shops,
          nicolae_shop_just_a_little_nook, nicolae_lakefront_shop,
          nicolae_shop_mannequins, shop, nicolae_shop_just_a_little_nook
D:2:      layout_loops_cross, ebering_ecumenical_altar_ruins, chequers_jeans,
          serial_bayou_lake_a, uniq_terence, uniq_crazy_yiuf_cottage
D:3:      layout_basic, mainiacjoe_overflow_chevrons, serial_glass,
          glass_columns_b, glass_columns_a, glass_columns_a, glass_columns_c,
          glass_columns_a, glass_columns_c, glass_columns_c, glass_columns_b,
          glass_columns_b, glass_columns_a, glass_columns_b, glass_columns_a,
          glass_columns_a, glass_columns_a
D:4:      cheibrodos_fertilizer, layout_basic, kennysheep_mini
D:5:      minmay_opposing_rooms, layout_loops_corners, corexii_hall_statues_x,
          uniq_grinder, uniq_prince_ribbit1
D:6:      layout_basic, minmay_temple_entry_arrows
D:7:      layout_cave_pools, serial_shops, shop, uniq_maggie
D:8:      layout_basic, serial_shops, nicolae_shop_back_alley_shop,
          grunt_ministairs_4, kennysheep_generic_room_5, uniq_joseph
Temple:   nicolae_temple_no_exploring_needed

Skill      XL: |  1  2  3  4  5  6  7  8  9 |
---------------+----------------------------+-----
Fighting       | 4 5 6 8 |  8.5
Armour         | 4 5 6 8 |  8.5
Shields        | 4 5 7 8 |  8.5
Maces & Flails | 3 4 5 7 |  7.4

Action                     |  1- 3 |  4- 6 |  7- 9 | 10-12 || total
---------------------------+-------+-------+-------+-------++-------
  Melee: Flail             |    83 |   147 |   356 |    62 ||   648
    Use: Scroll            |       |     6 |     6 |       ||    12
 Armour: Scale mail        |    17 |       |       |       ||    17
         Chain mail        |    25 |    56 |   257 |    53 ||   391
         Ring mail         |     6 |    31 |       |       ||    37
  Dodge: Dodged            |    30 |    77 |   191 |    35 ||   333
  Block: Buckler           |    19 |    30 |   119 |    25 ||   193

Table legend: (Time is in decaauts)
 A = Elapsed time spent in this place.
 B = Non-inter-level travel time spent in this place.
 C = Inter-level travel time spent in this place.
 D = Time resting spent in this place.
 E = Time spent auto-exploring this place.
 F = Levels seen in this place.
 G = Mean time per level.
                   A        B        C        D        E       F      G
               +--------+--------+--------+--------+--------+-----+--------+
         Total |   7629 |   7311 |    318 |   1459 |   4197 |   9 |  847.7 |
       Dungeon |   7564 |   7246 |    318 |   1410 |   4197 |   8 |  945.5 |
        Temple |     65 |     65 |      0 |     49 |      0 |   1 |   65.0 |
               +--------+--------+--------+--------+--------+-----+--------+

Top non-repeatable levels by time:
     D:5: 1600 daAuts
     D:2: 1558 daAuts
     D:6: 1217 daAuts
     D:4: 974 daAuts
     D:3: 959 daAuts
     D:1: 641 daAuts
     D:7: 488 daAuts
     D:8: 125 daAuts
  Temple: 65 daAuts
